AoeStats
← bone app the teeth

MegaRandom

506239015Analyzed
2v2 RM · 20d ago on Sep 12, 2026· 48m 40s· 4 players
Game mode
Random Map
Map size
Medium (4 player)
Population
200
Speed
Normal
Resources
Standard
Victory
Conquest
Starting age
Dark Age
Ending age
Imperial Age
RankedLock teamsTeams togetherTeam positionsShared explorationLock speedFull tech treeHidden civsTurbo modeCheats
Victory
Defeat
🇺🇸 Magyars · United States
1081
+13
🇺🇸 Bengalis · United States
1077
+13
🇫🇷 Wei · France
1020
-13
🇫🇷 Burgundians · France
1020
-13
LOL Belier
1:23 Wheelbarrow
1:07 Loom
8:44 Double-Bit Axe
12:32 Feudal Age
14:27 Bow Saw
17:20 Castle Age
15:39 Town Watch
15:55 Horse Collar
16:38 Heavy Plow
17:03 Stone Mining
17:10 Gold Mining
22:03 Forging
26:00 Hand Cart
28:52 Town Patrol
29:58 Two-Man Saw
34:18 Imperial Age
32:12 Medium Warships
34:26 Scale Barding Armor
35:27 Iron Casting
35:22 Pikeman
36:07 Squires
37:02 Conscription
38:47 Chemistry
38:02 Masonry
39:47 Heavy Warships
41:01 Blast Furnace
39:34 Halberdier
42:11 Crop Rotation
44:00 Caravan
47:47 Scale Mail Armor
47:38 Fletching
48:44 Architecture
RCL Belier
0:30 Loom
12:32 Feudal Age
13:19 Double-Bit Axe
15:00 Wheelbarrow
14:19 Gold Mining
20:23 Castle Age
20:49 Town Watch
21:33 Bow Saw
22:02 Gold Shaft Mining
21:18 Stone Mining
21:35 Horse Collar
22:21 Heavy Plow
24:27 Scale Barding Armor
28:48 Hand Cart
29:04 Forging
30:20 Bloodlines
30:10 Husbandry
34:39 Imperial Age
35:24 Iron Casting
35:10 Chain Barding Armor
34:40 Fletching
36:57 Heavy Hei Guang Cavalry
42:45 Blast Furnace
43:12 Conscription
44:26 Stone Shaft Mining
49:27 Parthian Tactics
49:08 Thumb Ring
49:26 Ballistics
bone app the teeth
0:30 Loom
12:00 Feudal Age
12:29 Double-Bit Axe
12:26 Horse Collar
14:05 Scale Barding Armor
19:28 Castle Age
18:00 Gold Mining
18:53 Bloodlines
19:30 Fletching
19:37 Stone Mining
20:14 Padded Archer Armor
19:48 Light Cavalry
20:36 Husbandry
20:59 Heavy Plow
22:46 Bow Saw
23:20 Light Cavalry
27:03 Chain Barding Armor
27:35 Bodkin Arrow
28:17 Corvinian Army
31:14 Wheelbarrow
32:56 Leather Archer Armor
33:41 Scale Mail Armor
33:03 Pikeman
34:02 Thumb Ring
36:57 Chain Mail Armor
37:11 Hand Cart
37:15 Town Watch
38:08 Ballistics
42:01 Imperial Age
42:52 Gold Shaft Mining
42:43 Town Patrol
43:10 Parthian Tactics
42:48 Bracer
43:20 Ring Archer Armor
43:17 Recurve Bow
43:28 Caravan
43:08 Halberdier
45:05 Plate Barding Armor
44:20 Heavy Cavalry Archer
45:55 Conscription
45:07 Capped Ram
47:59 Chemistry
47:15 Arson
48:04 Siege Engineers
48:10 Masonry
Aluerad
0:35 Loom
12:28 Feudal Age
13:02 Double-Bit Axe
16:06 Horse Collar
19:23 Castle Age
19:00 Fletching
19:20 Padded Archer Armor
23:25 Leather Archer Armor
26:00 Wheelbarrow
25:50 Heavy Plow
26:23 Bow Saw
28:08 Paiks
28:10 Bodkin Arrow
30:10 Ballistics
31:16 Hand Cart
31:40 Husbandry
31:54 Bloodlines
31:27 Light Cavalry
32:19 Scale Barding Armor
32:25 Forging
33:39 Gold Mining
33:42 Stone Mining
34:03 Murder Holes
37:53 Imperial Age
39:52 Two-Man Saw
39:26 Crop Rotation
40:45 Chemistry
39:13 Elite Elephant Archer
39:57 Bracer
41:05 Ring Archer Armor
44:30 Siege Engineers
44:36 Caravan
45:58 Conscription
48:17 Devotion
Connection lost

Rejoining the realm…

Still unreachable

The connection could not be restored.

Session expired

The server has moved on; the page needs a fresh start.